 Dungeon Crawl Stone Soup version 0.20-a0-709-gd40821f (console) character file.

65 nht the Chucker (level 4, 0/44 HPs)
             Began as an Ogre Hunter on Feb 21, 2017.
             Slain by a white imp (4 damage)
             ... summoned by Natasha
             ... on level 2 of the Dungeon.
             The game lasted 00:01:49 (1334 turns).

nht the Chucker (Ogre Hunter)                       Turns: 1334, Time: 00:01:49

Health: 0/44       AC:  3    Str: 17    XL:     4   Next: 14%
Magic:  4/4        EV: 10    Int: 12    God:
Gold:   67         SH:  0    Dex:  9    Spells: 3/3 levels left

rFire    . . .     SeeInvis .   a - +0 short sword
rCold    . . .     Gourm    .   b - +0 robe
rNeg     . . .     Faith    .   (no shield)
rPois    .         Spirit   .   (helmet restricted)
rElec    .         Reflect  .   (no cloak)
rCorr    .         Harm     .   (gloves unavailable)
MR       .....                  (boots unavailable)
Stlth    +.........             (no amulet)
Regen    0.2/turn               (no ring)
MPRegen  0.1/turn               (no ring)

@: slowed, very slow
A: unfitting armour, tough skin 1
a: no special abilities


You were on level 2 of the Dungeon.
You were hungry.

You visited 1 branch of the dungeon, and saw 2 of its levels.

You collected 67 gold pieces.

Inventory:

Hand Weapons
 a - a +0 short sword (weapon)
 l - a cursed -3 club
Missiles
 c - a large rock (quivered)
 d - 2 throwing nets
Armour
 b - a +0 robe (worn)
Scrolls
 e - 2 scrolls of teleportation {unknown}
 i - 5 scrolls of remove curse {unknown}
 k - 3 scrolls of identify {unknown}
 m - a scroll of enchant armour {unknown}
 o - a scroll of recharging {unknown}
 p - a scroll of noise {unknown}
 q - a scroll of fear {unknown}
Potions
 h - a potion of might {unknown}
Comestibles
 f - a bread ration
 g - a royal jelly
 j - a meat ration
 n - 2 chunks of flesh
 r - 3 fruits


   Skills:
 - Level 2.6 Fighting
 + Level 1.8 Maces & Flails
 - Level 5.0 Throwing
 - Level 1.7 Dodging
 - Level 0.6 Stealth


You had 3 spell levels left.
You didn't know any spells.

Dungeon Overview and Level Annotations

Branches:
Dungeon (2/15)

Altars:

Annotations:
D:2 Natasha


Innate Abilities, Weirdness & Mutations

You are too large for most types of armour.
You have tough skin. (AC +1)


Message History

The large rock hits Natasha.
Natasha is moderately wounded.
The white imp barely misses you.
Natasha mumbles some strange words.
The white imp hits you.
* * * LOW HITPOINT WARNING * * *
The white imp freezes you.
* * * LOW HITPOINT WARNING * * *
Natasha mumbles some strange words.
The white imp closely misses you.
Throwing (i - inventory. (,) - cycle):
c - 2 large rocks (quivered)
Press: ? - help, Shift-Dir - straight line, f/p - Natasha
Aim: Natasha (moderately wounded)
You throw a large rock. The large rock hits the white imp!
The white imp is almost dead.
The white imp gestures at you. The puff of frost hits you!
* * * LOW HITPOINT WARNING * * *
The white imp hits you.
You die...

███.█.█
..........█
█.█.█
.......(..█
█.█
..........█
█.█
.....$....█.█
█.█ █......█
█.█
██████(5██..█
█.█ ......hw█
█ █.█


███████5█ █.█ █@█ █.█ █.█ █.████████████.██..█ █..................█
██████████████.....█ █.█████ █.█ ███ You could see a worm, Natasha, a crimson
imp and a white imp.

Vanquished Creatures
  2 adders (D:2)
  A dart slug (D:1)
  A worm (D:2)
  5 leopard geckos
  3 giant cockroaches (D:1)
  4 goblins
  8 hobgoblins
  4 bats (D:1)
  A frilled lizard (D:2)
  3 kobolds
  5 rats
37 creatures vanquished.

Notes
Turn   | Place    | Note
-------+----------+-------------------------------------------
     0 | D:1      | nht the Ogre Hunter began the quest for the Orb.
     0 | D:1      | Reached XP level 1. HP: 22/22 MP: 1/1
    57 | D:1      | Reached XP level 2. HP: 9/29 MP: 2/2
   488 | D:1      | Reached XP level 3. HP: 9/36 MP: 3/3
   570 | D:1      | Reached skill level 5 in Throwing
  1034 | D:2      | Reached skill level 1 in Maces & Flails
  1196 | D:2      | Reached XP level 4. HP: 34/44 MP: 4/4
  1324 | D:2      | Noticed Natasha
  1334 | D:2      | Slain by a white imp

Vault maps used:
D:1:      mrwooster_arrival_statue_3, minmay_crystal_room, st_stairs_9
D:2:      roderic_greek_sauvastika, uniq_natasha

Skill      XL: |  1  2  3 |
---------------+----------+-----
Throwing       | 5 |  5.0
Maces & Flails | 1 |  1.8
Fighting       | |  2.6
Dodging        | |  1.7
Stealth        | |  0.6

Action                   |  1- 3 |  4- 6 || total
-------------------------+-------+-------++-------
Melee: Short sword       |    99 |    17 ||   116
Throw: Large rock        |     9 |     8 ||    17
 Stab: Sleeping          |     2 |       ||     2
  Eat: Chunk             |     1 |       ||     1
Armor: Robe              |    36 |     4 ||    40
Dodge: Dodged            |    80 |    13 ||    93
